 Dungeon Crawl Stone Soup version 0.28-a0-1412-gf95308ed99 (webtiles) character file.

Game seed: 14236136292379653263

3497 HallandMoats the Chopper (level 10, -10/83 HPs)
             Began as a Ghoul Fighter on Jan 6, 2022.
             Was a Follower of Okawaru.
             Mangled by a two-headed ogre (13 damage)
             ... on level 8 of the Dungeon.
             The game lasted 00:12:49 (10717 turns).

HallandMoats the Chopper (Ghoul Fighter)           Turns: 10717, Time: 00:12:50

Health: -10/83     AC:  5    Str: 24    XL:     10   Next: 7%
Magic:  10/12      EV: 15    Int:  3    God:    Okawaru [*.....]
Gold:   451        SH:  6    Dex: 14    Spells: 9/9 levels left

rFire   . . .      SeeInvis .   b - +9 mace "Plog" {vorpal, Contam Str+3 Dex+2}
rCold   + + .      Faith    .   c - +0 buckler
rNeg    + + +      Spirit   .   r - +2 leather armour {rC+}
rPois   ∞          Reflect  .   (no helmet)
rElec   .          Harm     .   (no cloak)
rCorr   .          Rampage  +   s - +0 pair of gloves
Will    .....                   A - +0 pair of boots of Midwinter {Rampage rPois rN+}
Stlth   +++.......              (no amulet)
HPRegen 0.00/turn               (no ring)
MPRegen 0.13/turn               (no ring)

@: heroic, corroded, inhibited regen
A: claws 1, cold resistance 1, negative energy resistance 3, inhibited
regeneration, torment resistance 2
a: Renounce Religion, Heroism


You were on level 8 of the Dungeon.
You worshipped Okawaru.
Okawaru was aware of your devotion.
You visited 2 branches of the dungeon, and saw 9 of its levels.

You collected 451 gold pieces.

Inventory:

Hand Weapons
 a - a +0 hunting sling
 b - the +9 mace "Plog" (weapon) {vorpal, Contam Str+3 Dex+2}
   (You found it on level 6 of the Dungeon)

   It inflicts extra damage upon your enemies.
   Str:       It affects your strength (+3).
   Dex:       It affects your dexterity (+2).
   Contam:    It causes magical contamination when unequipped.
 x - a +0 war axe
 F - a +0 broad axe
Missiles
 j - 16 sling bullets
 l - 3 throwing nets (quivered)
Armour
 c - a +0 buckler (worn)
 r - a +2 leather armour of cold resistance (worn)
 s - a +0 pair of gloves (worn)
 A - the +0 pair of boots of Midwinter (worn) {Rampage rPois rN+}
   (You found it on level 6 of the Dungeon)

   rPois:     It protects you from poison.
   rN:        It protects you from negative energy.
   Rampage:   It bestows one free step when moving towards enemies.
 G - +0 steam dragon scales
Jewellery
 h - a ring of protection from fire
 u - a +6 ring of dexterity
 C - an amulet of magic regeneration
 D - a +6 ring of intelligence
Wands
 o - a wand of flame (34)
 w - a wand of acid (4)
Scrolls
 e - a scroll of magic mapping {unknown}
 g - 3 scrolls of teleportation {unknown}
 i - a scroll of noise {unknown}
 k - 3 scrolls of silence
 m - 3 scrolls of identify
 n - 4 scrolls of enchant weapon
 p - 5 scrolls of fog {unknown}
 y - a scroll of fear {unknown}
 B - 2 scrolls of immolation {unknown}
Potions
 d - 2 potions of might
 f - a potion of attraction {unknown}
 q - 3 potions of curing {unknown}
 t - a potion of brilliance {unknown}
 v - 2 potions of experience {unknown}
 z - a potion of mutation {unknown}
 E - a potion of heal wounds


   Skills:
 + Level 6.2(11.2) Fighting
 * Level 6.7(11.7) Axes
 * Level 5.8(10.8) Slings
 + Level 5.1(10.1) Armour
 + Level 4.1(9.1) Dodging
 - Level 4.1(9.1) Shields
 + Level 5.0 Invocations


You had 9 spell levels left.
You didn't know any spells.
Your spell library contained the following spells:

 Spells                   Type           Power      Damage    Failure   Level
 Freeze                   Ice            0%         1d3       63%         1
 Pain                     Necr           0%         1d4       63%         1
 Blink                    Tloc           0%         N/A       77%         2
 Frozen Ramparts          Ice            0%         1d2       94%         3
 Lesser Beckoning         Tloc           0%         N/A       94%         3
 Vampiric Draining        Necr           0%         2d6       94%         3
 Fulminant Prism          Conj/Hex       0%         3d6       100%        4
 Hailstorm                Conj/Ice       0%         3d3       100%        4
 Iskenderun's Mystic Bla  Conj/Tloc      0%         2d3       100%        4
 Fireball                 Conj/Fire      0%         3d3       100%        5
 Lee's Rapid Deconstruct  Erth           0%         3d5*      100%        5
 Manifold Assault         Tloc           0%         N/A       100%        5
 Starburst                Conj/Fire      0%         6d3       100%        6
 Ignition                 Fire           0%         3d3       100%        8
 Animate Skeleton         Necr           Unusable   N/A       N/A         1
 Summon Small Mammal      Summ           Unusable   N/A       N/A         1
 Call Canine Familiar     Summ           Unusable   N/A       N/A         3
 Summon Guardian Golem    Hex/Summ       Unusable   N/A       N/A         3

Dungeon Overview and Level Annotations

Branches:
Dungeon (8/15)             Temple (1/1) D:7            Lair (0/6) D:8

Altars:
Ashenzari
Cheibriados
Dithmenos
Elyvilon
Fedhas
Gozag
Hepliaklqana
Kikubaaqudgha
Nemelex Xobeh
Okawaru
Qazlal
Ru
Trog
Vehumet
Wu Jian
Xom
Yredelemnul
Zin
The Shining One

Annotations:
D:6 2 transporters


Innate Abilities, Weirdness & Mutations

You thrive by killing the living.
You are immune to poison.
You have sharp fingernails.
Your flesh is cold resistant. (rC+)
You are immune to negative energy. (rN+++)
You do not regenerate when monsters are visible.
You are immune to unholy pain and torment.


Message History

j - 18 sling bullets (gained 2)
j - 19 sling bullets (gained 1)
You open the door.
There is an open door here.
There is a broken door here.
An acid dragon comes into view.
The acid dragon roars!
You hear two shouts!
The acid dragon spits acid at you. The splash of acid hits you!!
The acid corrodes you!
A two-headed ogre comes into view. It is wielding two +0 giant clubs.
You gain the combat prowess of a mighty hero.
You shoot a sling bullet.
The sling bullet hits the two-headed ogre.
The two-headed ogre is lightly wounded.
You shoot a sling bullet.
The sling bullet hits the two-headed ogre.
The two-headed ogre is lightly wounded.
You shoot a sling bullet.
The sling bullet hits the two-headed ogre!
The two-headed ogre is moderately wounded.
The two-headed ogre hits you with a +0 giant club!!
The two-headed ogre hits you but does no damage.
You are too injured to fight recklessly!
Really wield
b - the +9 mace "Plog" {vorpal, Contam Str+3 Dex+2}?
You feel stronger.
You feel agile.
You feel a build-up of mutagenic energy.
b - the +9 mace "Plog" (weapon)
{vorpal, Contam Str+3 Dex+2} You bludgeon the two-headed ogre!!
The two-headed ogre is severely wounded.
The two-headed ogre closely misses you.
The two-headed ogre hits you with a +0 giant club!
* * * LOW HITPOINT WARNING * * *
You hit the two-headed ogre.
The two-headed ogre is severely wounded.
You sock the two-headed ogre!
The two-headed ogre is almost dead.
The two-headed ogre hits you with a +0 giant club!!
* * * LOW HITPOINT WARNING * * *
The two-headed ogre hits you with a +0 giant club!
You die...

#.###.....##.###################K
#.# ######...#.♣.♣.#♣♣.♣♣#♣♣.♣♣#.
#.# #...#♣.♣.♣#♣.♣♣.#♣O..♣#. #.#
#...#.♣.♣.#.♣♣..#.#+#K#. #.#
#...#♣.♣.♣#.♣..♣#.# #.#. #.#
#...#.♣.♣.#...♣♣#.# #O#. #.#
##...#♣.♣.♣#..♣♣ #K# #.#. #.#
#....#♣♣.♣♣♣.♣♣♣♣♣.# #.#. #.#
#.#.....@O(D.......# #...
#.#######.#..#♣♣.♣♣♣.♣♣♣♣♣.# #.#.
#.........#..#♣.♣.♣#.♣ #.# #.#.
###########..#.♣.♣.#.♣ #.# #.#.
#..#♣.♣.♣#O♣ #.# #.#.
#..#.♣.♣.#.. #.# #.#.
#..#♣.♣.♣#..♣ #♣. .♣#.
#..#.♣.♣.#.♣. ♣ ♣ . #########.#


You could see a two-headed ogre and an acid dragon.

Vanquished Creatures
  Maggie (D:8)
  A hornet (D:7)
  3 yaks (D:8)
  A swamp worm (D:8)
  2 water moccasins (D:6)
  3 black bears
  An orc warrior (D:8)
  A sky beast (D:7)
  An ice beast (D:6)
  2 ogres
  A necrophage (D:7)
  A centaur (D:7)
  A phantom (D:4)
  6 bullfrogs
  2 scorpions (D:5)
  A wyvern zombie (D:8)
  A water moccasin skeleton (D:5)
  3 howler monkeys (D:8)
  A centaur zombie (D:5)
  2 hounds (D:5)
  A jelly (D:7)
  2 orc priests (D:7)
  Jessica (D:2)
  A centaur skeleton (D:7)
  Ijyb (D:4)
  2 iguanas
  5 orc wizards
  A hound skeleton (D:4)
  A howler monkey zombie (D:8)
  6 adders
  A white imp (D:6)
  A worm (D:6)
  2 dart slugs
  23 orcs
  5 endoplasms
  4 giant cockroaches
  5 goblins
  3 hobgoblins
  9 jackals
  3 quokkas
  11 ball pythons
  4 bats
  2 frilled lizards (D:1)
  6 kobolds
  10 rats
145 creatures vanquished.

Vanquished Creatures (others)
  16 fungi (D:8)
  19 plants (D:8)
35 creatures vanquished.

Grand Total: 180 creatures vanquished

Notes
Turn   | Place    | Note
-------+----------+-------------------------------------------
     0 | D:1      | HallandMoats the Ghoul Fighter began the quest for the Orb.
     0 | D:1      | Reached XP level 1. HP: 19/19 MP: 0/0
   231 | D:1      | Reached XP level 2. HP: 22/26 MP: 1/1
  1011 | D:2      | Reached XP level 3. HP: 30/31 MP: 2/2
  1387 | D:2      | Reached skill level 1 in Invocations
  1422 | D:2      | Noticed Jessica
  1429 | D:2      | Killed Jessica
  1430 | D:2      | Reached skill level 1 in Dodging
  1430 | D:2      | Reached XP level 4. HP: 40/40 MP: 3/3
  1934 | D:3      | Found Ejuq's Assorted Antiques.
  1935 | D:3      | Noticed an ogre
  1938 | D:3      | Killed an ogre
  1939 | D:3      | Reached skill level 1 in Slings
  1939 | D:3      | Reached XP level 5. HP: 46/46 MP: 3/5
  2169 | D:3      | Found an ornate altar of the Wu Jian Council.
  2229 | D:3      | Found a faded altar of an unknown god.
  2635 | D:4      | Noticed Ijyb
  2642 | D:4      | Killed Ijyb
  2643 | D:4      | Reached XP level 6. HP: 46/52 MP: 6/6
  3186 | D:4      | Found a blossoming altar of Fedhas.
  4008 | D:5      | Entered Level 5 of the Dungeon
  4085 | D:5      | Reached XP level 7. HP: 12/59 MP: 7/7
  4599 | D:5      | Found a shimmering altar of Xom.
  4999 | D:5      | Reached XP level 8. HP: 67/67 MP: 9/9
  5095 | D:6      | Identified the +9 mace "Plog" {vorpal, Contam Str+3 Dex+2}
  5199 | D:6      | Found a transporter.
  5537 | D:6      | Found a transporter.
  5897 | D:6      | Identified the +0 pair of boots of Midwinter {Rampage rPois
                  | rN+}
  6097 | D:6      | Noticed a moth of wrath
  6099 | D:6      | Found a bloodstained altar of Trog.
  6822 | D:7      | Reached skill level 5 in Fighting
  6952 | D:7      | Reached skill level 5 in Axes
  7232 | D:7      | Noticed a hornet
  7249 | D:7      | Killed a hornet
  7250 | D:7      | Reached XP level 9. HP: 23/74 MP: 10/10
  7744 | D:7      | Found a staircase to the Ecumenical Temple.
  7848 | Temple   | Entered the Ecumenical Temple
  7907 | Temple   | Became a worshipper of Warmaster Okawaru
  8077 | D:8      | Reached skill level 5 in Slings
  8138 | D:8      | Reached * piety under Okawaru
  8139 | D:8      | HP: 3/75 [orc warrior (3)]
  8144 | D:8      | HP: 2/75 [orc (2)]
  9160 | D:8      | Found a staircase to the Lair.
  9216 | D:8      | Reached skill level 5 in Armour
  9685 | D:8      | Noticed a two-headed ogre
 10049 | D:8      | Noticed Maggie
 10061 | D:8      | Killed Maggie
 10062 | D:8      | Reached skill level 5 in Invocations
 10062 | D:8      | Reached XP level 10. HP: 38/83 MP: 12/12
 10705 | D:8      | Noticed a two-headed ogre
 10717 | D:8      | HP: 3/83 [two-headed ogre (21)]
 10717 | D:8      | Mangled by a two-headed ogre

Illustrated notes

Levels and vault maps discovered:
D:1:      heliophobic_arrival_glass_houses, layout_basic, minmay_misc_feat_x,
          hex_medium
D:2:      layout_loops_ring, basic_altar, eino_curves_04,
          minmay_misc_feat_hallway, uniq_jessica
D:3:      layout_rooms, nzn_wu_jian_council_hall, serial_shops, shop,
          nicolae_ecumenical_pavilion, roderic_roman_lattice
D:4:      layout_loops_corners, zin_scriptorium, fedhas_altar_1,
          minmay_mini_jars, uniq_ijyb
D:5:      layout_loops_cross, mainiacjoe_overflow_alcove_4
D:6:      gammafunk_steamed_eel, layout_layer_cave, tgw_trog,
          mrwooster_statue_mirror, nrook_pool_corridor
D:7:      layout_rooms, tso_metal_star, minmay_temple_entry_junction
D:8:      nzn_winding_woodlands_three_and_one
          [nzn_winding_woodlands_5x15_split_checker,
          nzn_winding_woodlands_5x15_pockets,
          nzn_winding_woodlands_5x15_longhouse,
          nzn_winding_woodlands_center_triple_pond], layout_basic,
          grunt_lair_entry_orc_guard_hut, worms_lemuel, uniq_maggie
Temple:   cyrus_circular_temple

Skill      XL: |  1  2  3  4  5  6  7  8  9 |
---------------+----------------------------+-----
Axes           | 2 3 4 5 6 |  6.7
Invocations    | 1 2 3 5 |  5.0
Armour         | 3 4 5 |  5.1
Dodging        | 1 2 3 4 |  4.1
Shields        | 3 4 |  4.1
Slings         | 1 2 3 4 5 |  5.8
Fighting       | 4 5 6 |  6.2

Action                   |  1- 3 |  4- 6 |  7- 9 | 10-12 || total
-------------------------+-------+-------+-------+-------++-------
Melee: War axe           |    93 |    23 |       |       ||   116
       Mace              |       |       |   127 |     3 ||   130
       Hunting sling     |       |       |     1 |       ||     1
 Fire: Hunting sling     |       |   131 |   211 |    10 ||   352
Invok: Heroism           |       |       |     2 |     1 ||     3
  Use: Scroll            |       |     6 |       |       ||     6
       Potion            |       |       |     4 |       ||     4
Armor: Scale mail        |    54 |    43 |       |       ||    97
       Leather armour    |       |       |   100 |     1 ||   101
Dodge: Dodged            |    54 |    41 |   167 |     2 ||   264
Block: Buckler           |    33 |    22 |    62 |       ||   117

Table legend: (Time is in decaauts)
 A = Elapsed time spent in this place.
 B = Non-inter-level travel time spent in this place.
 C = Inter-level travel time spent in this place.
 D = Time resting spent in this place.
 E = Time spent auto-exploring this place.
 F = Levels seen in this place.
 G = Mean time per level.
                   A        B        C        D        E       F      G
               +--------+--------+--------+--------+--------+-----+--------+
         Total |  10840 |  10403 |    437 |   2420 |   6418 |   9 | 1204.4 |
       Dungeon |  10765 |  10329 |    436 |   2420 |   6380 |   8 | 1345.6 |
        Temple |     74 |     74 |      0 |      0 |     38 |   1 |   74.0 |
               +--------+--------+--------+--------+--------+-----+--------+

Top non-repeatable levels by time:
     D:7: 2178 daAuts
     D:6: 1729 daAuts
     D:8: 1703 daAuts
     D:4: 1582 daAuts
     D:5: 1078 daAuts
     D:1: 1028 daAuts
     D:2: 847 daAuts
     D:3: 617 daAuts
  Temple: 74 daAuts
